[Event "Team 45 45 League T83"]
[Site "Internet Chess Club"]
[Date "2020.01.02"]
[Round "1"]
[White "nathanpillay"]
[Black "Ajolote"]
[Result "0-1"]
[WhiteElo "1790"]
[BlackElo "2010"]
[Opening "Catalan opening"]
[ECO "E00"]
[Time "12:03:27"]
[TimeControl "2700+45"]

1. d4 Nf6 2. c4 e6 3. g3 c5 4. d5 d6 5. Bg2 e5 6. Nc3 g6 7. e4 Bg7 8. Nge2 O-O
9. f3 Nh5 10. Be3 f5 11. Qd2 f4 12. Bf2 Nd7 13. g4 Nhf6 14. h4 Nxg4 15. fxg4 f3
16. Bxf3 Rxf3 17. Ng3 Nf6 18. Qg5 Bxg4 19. h5 Bxh5 20. Nxh5 Nxh5 21. Qg2 Qf8 22.
Rh2 a6 23. O-O-O b5 24. Rg1 bxc4 25. Be1 Rb8 26. Bd2 Nf4 27. Bxf4 Qxf4+ 28. Kc2
Rf8 {White resigns} 0-1

[Event "Team 45 45 League T83"]
[Site "Internet Chess Club"]
[Date "2019.12.31"]
[Round "1"]
[White "cayo89"]
[Black "hipopotamos"]
[Result "0-1"]
[WhiteElo "1658"]
[BlackElo "1681"]
[Opening "Queen's pawn, Mason variation"]
[ECO "D00"]
[Time "20:00:11"]
[TimeControl "2700+45"]

1. d4 d5 2. Bf4 Nf6 3. e3 Bf5 4. c4 c6 5. Qb3 Qd7 6. Nf3 e6 7. Nc3 Be7 8. Be2
O-O 9. Ne5 Qc8 10. g4 Be4 11. f3 dxc4 12. Qxc4 Bd5 13. Qd3 c5 14. O-O Nfd7 15.
Rac1 Nxe5 16. Bxe5 c4 17. Qd2 Nd7 18. Bg3 Nb6 19. Nb5 Qd7 20. Nc7 Rac8 21. Nxd5
exd5 22. e4 Rfd8 23. e5 f6 24. f4 Rf8 25. h3 fxe5 26. fxe5 Rxf1+ 27. Bxf1 Rf8
28. Bg2 h6 29. Qa5 Bg5 30. Re1 Qc6 31. e6 Re8 32. Re5 Rxe6 33. Qxa7 Be3+ 34. Kh2
Bxd4 35. Qb8+ Kh7 36. Rxe6 Qxe6 37. Qxb7 Qe3 38. h4 Bxb2 39. Bxd5 Nxd5 40. Qxd5
Qe2+ 41. Kh3 Qd3 42. Qb5 Bd4 43. a4 Qf1+ 44. Kh2 Bg1+ 45. Kh1 Bf2+ 46. Kh2 Qg1+
47. Kh3 Qxg3# {White checkmated} 0-1

[Event "Team 45 45 League T83"]
[Site "Internet Chess Club"]
[Date "2019.12.29"]
[Round "1"]
[White "elmaestro"]
[Black "JPSVI"]
[Result "1-0"]
[WhiteElo "1695"]
[BlackElo "1669"]
[Opening "French: advance variation"]
[ECO "C02"]
[Time "15:25:29"]
[TimeControl "2700+45"]

1. e4 e6 2. d4 d5 3. e5 b6 4. Nf3 c5 5. c3 Ne7 6. Bd3 Nec6 7. a3 Ba6 8. Qe2 Bxd3
9. Qxd3 c4 10. Qc2 Be7 11. Bf4 Nd7 12. Qe2 b5 13. Nbd2 a5 14. O-O O-O 15. h3 Qb6
16. Bg5 Bxg5 17. Nxg5 h6 18. Ngf3 Rfb8 19. g4 b4 20. Kh1 bxc3 21. bxc3 Qb2 22.
Qe3 Qc2 23. Ne1 Qh7 24. f4 Rb2 25. f5 Rab8 26. fxe6 fxe6 27. Nef3 Qc2 28. Rfc1
Qh7 29. Rg1 g5 30. h4 gxh4 31. Nxh4 Ne7 32. g5 hxg5 33. Qxg5+ Kf8 34. Raf1+ Ke8
35. Nf3 Kd8 36. Qg7 Qxg7 37. Rxg7 Nc6 38. Ng5 Rc2 39. Nxe6+ Ke8 40. Rg8+ Ke7 41.
Rxb8 Ncxb8 42. Nc7 Nb6 43. Ng6+ Kd8 44. Ne6+ Kd7 45. Nc5+ Kc6 46. Rf6+ Kb5 47.
e6 Nc8 48. a4+ Kc6 49. e7+ {Black resigns} 1-0

[Event "Team 45 45 League T83"]
[Site "Internet Chess Club"]
[Date "2020.01.02"]
[Round "1"]
[White "ascoli"]
[Black "Zugzwanged"]
[Result "1/2-1/2"]
[WhiteElo "1519"]
[BlackElo "1707"]
[Opening "Nimzo-Indian: Sämisch, Keres variation"]
[ECO "E25"]
[Time "10:03:47"]
[TimeControl "2700+45"]

1. d4 Nf6 2. c4 e6 3. Nc3 Bb4 4. f3 d5 5. a3 Bxc3+ 6. bxc3 c5 7. cxd5 Nxd5 8.
dxc5 Qa5 9. e4 Nf6 10. Be3 O-O 11. Qb3 Nbd7 12. Bb5 a6 13. Bxd7 Bxd7 14. Ne2 Bb5
15. Nd4 Bc6 16. O-O Qxc5 17. Nf5 Qb5 18. Qxb5 Bxb5 19. Nd6 Bxf1 20. Kxf1 b5 21.
Rd1 Rfd8 22. Ke2 Ne8 23. e5 Nxd6 24. exd6 Rac8 25. Bb6 Rd7 26. Bc7 e5 27. Rd5 f6
28. Ke3 Kf7 29. Ke4 Ke6 30. g4 g6 31. Rc5 f5+ 32. Ke3 Rf8 33. h3 fxg4 34. fxg4
Rf4 35. Rc6 Ra4 36. Rb6 Rxa3 37. Kd3 Rf7 38. Rb8 Rf3+ 39. Ke4 Rf4+ 40. Kd3 Rd4+
41. Kc2 Rxd6 42. Bxd6 Kxd6 43. Rh8 e4 44. Rxh7 Ra2+ 45. Kd1 Ke5 46. Rg7 Kf4 47.
Rxg6 Ke3 48. h4 Kd3 49. Ke1 e3 50. Rd6+ Kxc3 51. h5 Rg2 52. Rxa6 Rxg4 53. Ke2 b4
54. Kxe3 b3 55. Rc6+ Kb2 56. Rb6 Kc3 57. Rc6+ Kb2 58. Rb6 Rh4 59. h6 Kc3 60.
Rc6+ Kb2 61. Rb6 Kc2 62. Rc6+ Kb1 63. Rb6 b2 64. Kd2 Rh2+ 65. Kd1 Rh1+ 66. Kd2
Rh2+ 67. Kd1 Ka2 68. Ra6+ Kb3 69. Rb6+ Kc3 70. Rc6+ Kd3 71. Rd6+ Ke4 72. Rb6 Kd3
73. Rd6+ Kc3 74. Rc6+ Kb4 75. Rb6+ Kc5 76. Rb8 Kd4 77. h7 b1=Q+ 78. Rxb1 Rxh7
{Game drawn by mutual agreement} 1/2-1/2

[Event "Team 45 45 League T83"]
[Site "Internet Chess Club"]
[Date "2019.12.29"]
[Round "1"]
[White "MacroPawn"]
[Black "primerpaso"]
[Result "0-1"]
[WhiteElo "1678"]
[BlackElo "1817"]
[Opening "English: Neo-Catalan"]
[ECO "A14"]
[Time "19:00:48"]
[TimeControl "2700+45"]

1. c4 Nf6 2. Nf3 e6 3. g3 d5 4. Bg2 Be7 5. d3 O-O 6. Nbd2 b6 7. O-O Bb7 8. e3
Na6 9. Ne5 c5 10. Qa4 Qc7 11. f4 Rfd8 12. Ndf3 dxc4 13. Qxc4 Bd6 14. Nxf7 Kxf7
15. Ng5+ Ke7 16. Nxe6 Qd7 17. Ng5 Kf8 18. Bh3 b5 19. Qb3 Qe7 20. Ne6+ Ke8 21.
Nxd8 Rxd8 22. Qxb5+ Kf8 23. e4 Bb8 24. e5 Nd5 25. Bg2 Nab4 26. Bd2 Ba6 27. Qa5
Bc7 28. Qa4 Bxd3 29. Rfc1 Bb6 30. Qa3 Bb5 31. Kh1 Nd3 32. Bxd5 Rxd5 33. Rf1 Bc6
34. h3 Rxe5+ {White resigns} 0-1

[Event "Team 45 45 League T83"]
[Site "Internet Chess Club"]
[Date "2020.01.04"]
[Round "1"]
[White "julesraider"]
[Black "ivanson"]
[Result "1/2-1/2"]
[WhiteElo "1672"]
[BlackElo "1676"]
[Opening "King's Indian: orthodox variation"]
[ECO "E94"]
[Time "16:00:31"]
[TimeControl "2700+45"]

1. d4 Nf6 2. c4 g6 3. Nc3 Bg7 4. Nf3 O-O 5. e4 d6 6. Be2 e5 7. O-O Na6 8. Be3
Ng4 9. Bg5 Qe8 10. h3 h6 11. Bh4 Nf6 12. dxe5 dxe5 13. Rb1 c6 14. b4 Nc7 15. Qd2
Nh5 16. Rbd1 Nf4 17. Qd6 Nce6 18. Be7 Nd4 19. Rfe1 Nfxe2+ 20. Nxe2 Nxf3+ 21.
gxf3 Bxh3 22. Ng3 Kh7 23. Rd2 Rg8 24. Red1 Bf8 25. Bxf8 Qxf8 26. c5 Re8 27. Kh2
Bc8 28. Qf6 Qg7 29. Qh4 g5 30. Qh5 Qf6 31. Rd6 Be6 32. Nf5 Qg6 33. Qg4 Qf6 34.
Rh1 Rg6 35. Kg2 Rd8 36. Rhd1 Re8 37. Rh1 Rd8 38. Rhd1 Re8 39. Rh1 {Game drawn by
repetition} 1/2-1/2

[Event "Team 45 45 League T83"]
[Site "Internet Chess Club"]
[Date "2019.12.29"]
[Round "1"]
[White "carvajales"]
[Black "andrew37"]
[Result "1-0"]
[WhiteElo "1721"]
[BlackElo "1615"]
[Opening "English opening"]
[ECO "A20"]
[Time "16:13:28"]
[TimeControl "2700+45"]

1. c4 e5 2. g3 c6 3. Bg2 Nf6 4. Nc3 Bc5 5. e3 O-O 6. Nge2 d6 7. d4 exd4 8. exd4
Bb6 9. O-O Bg4 10. h3 Bh5 11. Qd3 Bg6 12. Qd1 Re8 13. Be3 Nbd7 14. Nf4 Nf8 15.
Nxg6 hxg6 16. Qd3 Qd7 17. Rae1 Re7 18. b4 Rae8 19. Re2 Qf5 20. Qxf5 gxf5 21.
Rfe1 a6 22. Kf1 Ne6 23. d5 Bxe3 24. Rxe3 cxd5 25. cxd5 f4 26. gxf4 Rc8 27. dxe6
fxe6 28. Nd5 Nxd5 29. Bxd5 {Black resigns} 1-0

[Event "Team 45 45 League T83"]
[Site "Internet Chess Club"]
[Date "2020.01.02"]
[Round "1"]
[White "Portola"]
[Black "PJ"]
[Result "1-0"]
[WhiteElo "1755"]
[BlackElo "1522"]
[Opening "Queen's pawn game"]
[ECO "D02"]
[Time "14:00:25"]
[TimeControl "2700+45"]

1. d4 d5 2. Nf3 c6 3. c3 e6 4. Bf4 Bd6 5. e3 Bxf4 6. exf4 Nf6 7. Nbd2 O-O 8. Bd3
b6 9. O-O Ba6 10. Bxa6 Nxa6 11. Qa4 Nb8 12. Ne5 b5 13. Qc2 Nfd7 14. Nef3 Qc7 15.
g3 Nf6 16. Ne5 Nbd7 17. Rfe1 Ne8 18. Qd3 Nd6 19. Qe2 Rae8 20. Qd3 f6 21. Nef3
Nf7 22. Qf1 e5 23. fxe5 fxe5 24. dxe5 Ndxe5 25. Re3 Ng4 26. Rxe8 Rxe8 27. Re1
Rf8 28. Qe2 Nf6 29. Nd4 Nd8 30. Ne6 Nxe6 31. Qxe6+ Kh8 32. Qe7 Rc8 33. Nf3 h6
34. Nh4 Ne4 35. Qe6 Rf8 36. Ng6+ {Black resigns} 1-0

[Event "Team 45 45 League T83"]
[Site "Internet Chess Club"]
[Date "2019.12.29"]
[Round "1"]
[White "CPTsopiens"]
[Black "fledermaus"]
[Result "0-1"]
[WhiteElo "1765"]
[BlackElo "1788"]
[Opening "Sicilian: Anderssen variation"]
[ECO "B41"]
[Time "17:01:00"]
[TimeControl "2700+45"]

1. e4 c5 2. Nf3 e6 3. d4 cxd4 4. Nxd4 Nf6 5. Nc3 Nc6 6. Be2 Bb4 7. Nxc6 bxc6 8.
Bd3 d5 9. exd5 cxd5 10. Bd2 O-O 11. a3 Be7 12. O-O e5 13. Re1 e4 14. Be2 d4 15.
Na2 a5 16. b4 a4 17. Bf4 Qb6 18. c4 Rd8 19. c5 Qc6 20. Bc4 Bg4 21. Be2 Be6 22.
Be5 Qd5 23. Bc7 Rd7 24. Bb6 d3 25. Bf1 Ng4 26. Nc3 Qe5 27. g3 Qxc3 28. Rxe4 Bf5
29. Rxg4 Bxg4 30. Qxg4 Rd4 31. Qd1 Bd8 32. Bg2 Rc8 33. Bb7 Rb8 34. Bxd8 Rxb7 35.
Qe1 Qxe1+ 36. Rxe1 Rxd8 37. c6 d2 38. Rd1 Rc7 39. b5 Kf8 40. Kf1 Rd5 41. Ke2
Re7+ 42. Kf3 Rf5+ 43. Kg4 Rxb5 44. Rxd2 Rc5 45. Rd4 Ra7 46. Rd8+ Ke7 47. Rg8 g6
48. Rc8 Kd6 {White resigns} 0-1

[Event "Team 45 45 League T83"]
[Site "Internet Chess Club"]
[Date "2019.12.28"]
[Round "1"]
[White "justice02"]
[Black "BrianWood"]
[Result "1/2-1/2"]
[WhiteElo "1548"]
[BlackElo "1632"]
[Opening "Ruy Lopez: closed (10...c5)"]
[ECO "C96"]
[Time "20:00:22"]
[TimeControl "2700+45"]

1. e4 e5 2. Nf3 Nc6 3. Bb5 a6 4. Ba4 Nf6 5. O-O Be7 6. Re1 b5 7. Bb3 O-O 8. c3
d6 9. h3 Na5 10. Bc2 c5 11. d4 cxd4 12. cxd4 Qc7 13. b3 Nc6 14. a3 Nxd4 15. Nxd4
exd4 16. Bb2 d5 17. e5 Ne4 18. Bxd4 Bf5 19. Ra2 Rac8 20. Re2 Rfd8 21. f3 Ng3 22.
Bxf5 Nxf5 23. Rec2 Qb7 24. Rxc8 Rxc8 25. Bf2 Qc7 26. f4 Qc1 27. Rd2 d4 28. Kh2
Ne3 29. Bxe3 dxe3 30. Rd7 Qxd1 31. Rxd1 e2 32. Re1 Rc2 33. Kg3 Rb2 34. Kf3 Bh4
35. Rc1 e1=N+ 36. Kg4 g6 37. Kxh4 Nxg2+ 38. Kg3 Ne3 39. Nc3 Nf5+ 40. Kg4 Rxb3
41. Ne4 h5+ 42. Kg5 Kg7 43. e6 f6+ 44. Nxf6 Rg3+ 45. Ng4 hxg4 46. Rc7+ Kf8 47.
hxg4 Ne7 48. Rd7 Re3 49. f5 gxf5 50. gxf5 Rf3 51. f6 Rf5+ 52. Kg4 Rxf6 53. Rd6
a5 54. Rb6 b4 55. axb4 axb4 56. Rxb4 Rxe6 57. Rb7 {Game drawn by mutual
agreement} 1/2-1/2

[Event "Team 45 45 League T83"]
[Site "Internet Chess Club"]
[Date "2019.12.30"]
[Round "1"]
[White "Beetlejuice"]
[Black "Grenadier"]
[Result "1-0"]
[WhiteElo "1712"]
[BlackElo "1630"]
[Opening "Old Indian defense"]
[ECO "A53"]
[Time "14:01:55"]
[TimeControl "2700+45"]

1. d4 Nf6 2. c4 d6 3. Nc3 Nbd7 4. e4 e5 5. Be3 Be7 6. Bd3 b6 7. Nge2 Ng4 8. Bd2
exd4 9. Nxd4 Nde5 10. Be2 Nf6 11. f3 Bb7 12. Nd5 Nxd5 13. cxd5 O-O 14. O-O Bf6
15. Be3 Re8 16. Bb5 Nd7 17. Re1 a6 18. Bxd7 Qxd7 19. Rc1 Rac8 20. Qb3 Re5 21.
Re2 Rce8 22. Nf5 Bxd5 23. Qc2 Bd8 24. Bd4 Bxe4 25. fxe4 R5e6 26. Nxg7 c5 27.
Nxe6 Qxe6 28. Bc3 d5 29. Rce1 d4 30. Bd2 c4 31. Rf2 b5 32. e5 Bb6 33. Qf5 d3 34.
Qg5+ Qg6 35. Qxg6+ hxg6 36. Kf1 Bd4 37. Be3 Bxe5 38. Bf4 f6 39. Bxe5 fxe5 40.
Re4 Kg7 41. Ke1 a5 42. Kd2 Rc8 43. Rxe5 {Black resigns} 1-0

[Event "Team 45 45 League T83"]
[Site "Internet Chess Club"]
[Date "2019.12.31"]
[Round "1"]
[White "GoIrish"]
[Black "ghostfire"]
[Result "0-1"]
[WhiteElo "1495"]
[BlackElo "1734"]
[Opening "Réti opening"]
[ECO "A05"]
[Time "14:31:39"]
[TimeControl "2700+45"]

1. Nf3 Nf6 2. g3 d5 3. Bg2 Nc6 4. O-O e5 5. d3 Be7 6. Nbd2 Bg4 7. h3 Be6 8. e4
Qd7 9. Kh2 O-O-O 10. a3 h5 11. exd5 Nxd5 12. Qe2 h4 13. Ne4 hxg3+ 14. fxg3 Bxh3
15. Nfg5 Bg4+ 16. Bh3 Rxh3+ {White resigns} 0-1

[Event "Team 45 45 League T83"]
[Site "Internet Chess Club"]
[Date "2019.12.28"]
[Round "1"]
[White "iSeba"]
[Black "Ajolote"]
[Result "1-0"]
[WhiteElo "1954"]
[BlackElo "1969"]
[Opening "Sicilian: Pelikan (Lasker/Sveshnikov) variation"]
[ECO "B33"]
[Time "19:07:39"]
[TimeControl "2700+45"]

1. e4 c5 2. Nf3 Nc6 3. d4 cxd4 4. Nxd4 Nf6 5. Nc3 e5 6. Ndb5 d6 7. Nd5 Nxd5 8.
exd5 Nb8 9. a4 Be7 10. Be2 O-O 11. O-O Nd7 12. Be3 b6 13. c3 a6 14. Na3 a5 15.
Bb5 f5 16. f3 Bg5 17. Bxg5 Qxg5 18. Nc4 Rf6 19. Bxd7 Bxd7 20. f4 exf4 21. Nxb6
Rb8 22. Nxd7 Rg6 23. Qe2 Ra8 24. Nb6 Rb8 25. Nc4 Rh6 26. Qd2 Rh4 27. g3 Re8 28.
Rxf4 Rh3 29. Ne3 g6 30. Nf1 h6 31. b4 Qd8 32. Re1 {Black resigns} 1-0

[Event "Team 45 45 League T83"]
[Site "Internet Chess Club"]
[Date "2020.01.05"]
[Round "1"]
[White "primerpaso"]
[Black "MarcB"]
[Result "0-1"]
[WhiteElo "1799"]
[BlackElo "1802"]
[Opening "English: symmetrical, three knights system"]
[ECO "A16"]
[Time "19:00:24"]
[TimeControl "2700+45"]

1. c4 Nf6 2. Nc3 d5 3. cxd5 Nxd5 4. Nf3 c5 5. g3 Nc6 6. Bg2 g6 7. O-O Bg7 8. Qb3
e6 9. d3 O-O 10. Bd2 b6 11. Rac1 Bb7 12. a3 Nde7 13. Ne4 Qd7 14. Bc3 Nd4 15.
Nxd4 cxd4 16. Bb4 Bd5 17. Qd1 Rfc8 18. Bxe7 Rxc1 19. Qxc1 Qxe7 20. Qc2 f5 21.
Nd2 Bxg2 22. Kxg2 Qb7+ 23. Kg1 Rc8 24. Qb3 Qc6 25. a4 Qd5 26. Nc4 e5 27. Ra1 Rc6
28. Qb5 Qxb5 29. axb5 Rc7 30. Kf1 Kf7 31. Ke1 Ke6 32. Kd1 h5 33. Ra6 Kd5 34. b4
Bf8 35. Ra4 e4 36. Kc2 f4 37. gxf4 Bd6 38. Kb3 Bxf4 39. h3 g5 40. Ra1 exd3 41.
exd3 h4 42. Re1 g4 43. hxg4 h3 44. Kc2 h2 45. Kd1 Rg7 46. f3 Rh7 47. Rh1 Re7 48.
Nd2 Re3 49. Nf1 Rxd3+ 50. Ke2 Rb3 51. g5 d3+ 52. Kd1 Rb1# {White checkmated} 0-1

[Event "Team 45 45 League T83"]
[Site "Internet Chess Club"]
[Date "2020.01.10"]
[Round "1"]
[White "Monterrey"]
[Black "IshanR"]
[Result "1/2-1/2"]
[WhiteElo "1923"]
[BlackElo "1914"]
[Opening "QGD: Tarrasch, Prague variation, 9.Bg5"]
[ECO "D34"]
[Time "19:02:25"]
[TimeControl "2700+45"]

1. d4 d5 2. c4 e6 3. Nc3 c5 4. cxd5 exd5 5. Nf3 Nc6 6. g3 Nf6 7. Bg2 Be7 8. O-O
O-O 9. Bg5 Be6 10. dxc5 Bxc5 11. Bxf6 Qxf6 12. Nxd5 Qxb2 13. Nc7 Rad8 14. Qc1
Qxc1 15. Raxc1 b6 16. Nxe6 fxe6 17. Rc4 Nd4 18. Nxd4 Rxd4 19. Rxd4 Bxd4 20. e3
Bc5 21. Rd1 Re8 22. Be4 Kf7 23. h4 h6 24. Rd7+ Re7 25. Rd8 Kf6 26. Kg2 Rf7 27.
g4 Ke7 28. Rc8 Kd7 29. Rg8 Kd6 30. Bg6 Re7 31. Kf3 Ke5 32. Rd8 Kf6 33. h5 Kg5
34. Kg3 Kf6 35. Kf4 Rc7 36. Ke4 Be7 37. Ra8 Rc4+ 38. Kd3 Ra4 39. f4 Bc5 40. e4
e5 41. fxe5+ Kxe5 42. Re8+ Kf4 43. e5 Rxa2 44. e6 Ra3+ 45. Kc4 Re3 46. Bf5 Ke5
47. Ra8 a5 48. Kb5 Kf6 49. Ra7 Rb3+ 50. Kc6 Be7 51. Kd7 Rc3 52. Rb7 a4 53. Rxb6
a3 54. Ra6 Rc1 55. Ra8 Rd1+ 56. Kc6 Rd6+ 57. Kb5 Rd8 58. Ra7 Re8 59. Ra6 Rc8 60.
Ra4 Rb8+ 61. Kc6 Rc8+ 62. Kd5 Rd8+ 63. Ke4 Rd2 64. Ke3 Rb2 65. Kd3 Rb8 66. Ra6
Rd8+ 67. Ke4 Rd2 68. Ke3 Rd8 69. Ke4 Rd2 70. Ke3 Rd8 71. Ke4 {Game drawn by
repetition} 1/2-1/2

[Event "Team 45 45 League T83"]
[Site "Internet Chess Club"]
[Date "2019.12.29"]
[Round "1"]
[White "room-matt"]
[Black "laurenpar"]
[Result "1/2-1/2"]
[WhiteElo "1819"]
[BlackElo "1806"]
[Opening "French: Winawer, advance variation"]
[ECO "C16"]
[Time "02:07:02"]
[TimeControl "2700+45"]

1. d4 e6 2. e4 d5 3. Nc3 Bb4 4. e5 Ne7 5. Bd2 b6 6. a3 Bxc3 7. Bxc3 c5 8. b4
cxd4 9. Qxd4 Nbc6 10. Qg4 d4 11. Rd1 Qc7 12. Bxd4 Nxd4 13. Qxd4 O-O 14. Nf3 Bb7
15. Qc4 Qxc4 16. Bxc4 Bxf3 17. gxf3 Ng6 18. f4 Rfd8 19. O-O Nxf4 20. Rd6 Rxd6
21. exd6 Rd8 22. Rd1 g5 23. Bf1 e5 24. c4 Ne6 25. Rd5 f6 26. c5 Nd4 27. Bc4 Kf8
28. Bd3 h6 29. Kf1 bxc5 30. bxc5 Ke8 {Game drawn by mutual agreement} 1/2-1/2

[Event "Team 45 45 League T83"]
[Site "Internet Chess Club"]
[Date "2019.12.26"]
[Round "1"]
[White "bobhill"]
[Black "Grebochess"]
[Result "0-1"]
[WhiteElo "1784"]
[BlackElo "1704"]
[Opening "Queen's bishop game"]
[ECO "D02"]
[Time "14:04:53"]
[TimeControl "2700+45"]

1. d4 Nf6 2. Nf3 d5 3. Bf4 Bf5 4. e3 e6 5. Nbd2 c5 6. c3 Qb6 7. Qb3 c4 8. Qxb6
axb6 9. Be2 Nc6 10. O-O Be7 11. b4 b5 12. Ne5 Nxe5 13. Bxe5 O-O 14. h3 Ra3 15.
Nb1 Bxb1 16. Rfxb1 Ne4 17. Bf3 Nxc3 18. Rb2 Rfa8 19. e4 dxe4 20. Be2 Nd5 21. f3
e3 22. Bg3 Bxb4 23. Rxb4 Nxb4 24. Rb1 Rxa2 25. Rxb4 Rxe2 26. Rxb5 Ra1+ 27. Kh2
Raa2 28. Rxb7 Rxg2+ 29. Kh1 Rgb2 30. Rxb2 Rxb2 31. Kg1 c3 32. Bf4 Rb1+ 33. Kg2
e2 {White resigns} 0-1

[Event "Team 45 45 League T83"]
[Site "Internet Chess Club"]
[Date "2019.12.28"]
[Round "1"]
[White "Yedixon"]
[Black "fishhead"]
[Result "0-1"]
[WhiteElo "1647"]
[BlackElo "1686"]
[Opening "English opening"]
[ECO "A16"]
[Time "12:22:23"]
[TimeControl "2700+45"]

1. c4 Nf6 2. Nc3 g6 3. g3 Bg7 4. Bg2 d6 5. Rb1 c5 6. e4 Nc6 7. Nf3 O-O 8. d4 Bg4
9. Be3 Nxd4 10. Bxd4 cxd4 11. Qxd4 Nxe4 12. Qxe4 Bf5 13. Qe3 Bxc3+ 14. Qxc3 Bxb1
15. Nd2 Bf5 16. Bxb7 Rb8 17. Bd5 Qb6 18. b3 Rfc8 19. O-O e6 20. Bf3 g5 21. Qf6
Qd8 22. Qh6 f6 23. Ne4 Bxe4 24. Bxe4 Qe7 25. f4 gxf4 26. Rxf4 f5 27. Bb1 Rf8 28.
g4 Qf6 {White forfeits on time} 0-1

[Event "Team 45 45 League T83"]
[Site "Internet Chess Club"]
[Date "2019.12.29"]
[Round "1"]
[White "justice02"]
[Black "elessar"]
[Result "1-0"]
[WhiteElo "1568"]
[BlackElo "1618"]
[Opening "French: Schlechter variation"]
[ECO "C01"]
[Time "15:00:27"]
[TimeControl "2700+45"]

1. e4 e6 2. d4 d5 3. Bd3 dxe4 4. Bxe4 Nf6 5. Bd3 c6 6. Nf3 Be7 7. O-O O-O 8. Re1
c5 9. c3 Nc6 10. dxc5 Bxc5 11. h3 Qc7 12. Qe2 h6 13. Nbd2 b6 14. Ne4 Be7 15.
Nxf6+ Bxf6 16. Qe4 g6 17. Bxh6 Bg7 18. Qh4 Qd8 19. Bxg7 Kxg7 20. Qe4 Bb7 21.
Rad1 Qc7 22. Qc4 Qe7 23. b4 Rfc8 24. Qg4 Nd8 25. Ne5 Qf6 26. Bxg6 fxg6 27. Rd7+
Kh6 28. Rxb7 Nxb7 29. Qe4 Nd8 30. Ng4+ Kg7 31. Nxf6 Kxf6 32. Rd1 Rab8 33. Rd7 e5
34. Qh4+ g5 35. Qh6+ Kf5 36. g4+ Kf4 37. Qf6+ Ke4 38. Qf5# {Black checkmated}
1-0

[Event "Team 45 45 League T83"]
[Site "Internet Chess Club"]
[Date "2020.01.01"]
[Round "1"]
[White "Egmont"]
[Black "RD1974"]
[Result "1-0"]
[WhiteElo "1689"]
[BlackElo "1572"]
[Opening "Dutch defense, Rubinstein variation"]
[ECO "A40"]
[Time "10:00:53"]
[TimeControl "2700+45"]

1. d4 e6 2. c4 f5 3. Nc3 Be7 4. Bf4 Nf6 5. e3 O-O 6. Bd3 d6 7. h3 Qe8 8. Nf3 Na6
9. Rc1 c5 10. O-O Bd7 11. Nb5 Bxb5 12. cxb5 Nc7 13. dxc5 Ncd5 14. cxd6 Nxf4 15.
dxe7 Nxh3+ 16. gxh3 Qxe7 17. Ne5 Rad8 18. Qb3 Nd5 19. Nf3 Kh8 20. h4 h6 21. Qc4
b6 22. Ne5 Qf6 23. Nc6 Rd7 24. Rc2 f4 25. Qe4 g6 26. Qe5 Qxe5 27. Nxe5 Rg7 28.
Nxg6+ Kh7 29. Kh2 Rxg6 30. h5 fxe3 31. Bxg6+ Kh8 32. f3 Nf4 33. Rg1 e2 34. Rc7
Rd8 35. Rh7+ Kg8 36. Be4+ Kf8 37. Rh8+ Ke7 38. Rxd8 Kxd8 39. Kg3 e5 40. Bg6 Ke7
41. Rc1 Kd6 42. Kf2 Kd7 43. Bf7 Kd6 44. Ke3 Kd7 45. Ke4 Kd6 46. Ke3 Kd7 47. Bc4
e1=Q+ 48. Rxe1 Ng2+ 49. Ke2 Nxe1 50. Kxe1 Kd6 51. b4 Ke7 52. Ke2 Kf6 53. Ke3 Kf5
54. Bf7 Kf6 55. Bg6 Ke6 56. Ke4 Kd6 57. Kf5 Kd5 58. Bf7+ Kd4 59. Kg6 Ke3 60. Bd5
Kd4 61. Bc6 Kc4 62. Kxh6 Kxb4 63. Kg5 Ka5 64. h6 a6 65. bxa6 Kxa6 66. h7 b5 67.
h8=Q e4 68. Bxe4 Ka5 69. Kf4 b4 70. Ke3 Ka4 71. Bd5 {Black resigns} 1-0

[Event "Team 45 45 League T83"]
[Site "Internet Chess Club"]
[Date "2019.12.30"]
[Round "1"]
[White "xingon"]
[Black "Constrictor"]
[Result "0-1"]
[WhiteElo "1420"]
[BlackElo "1535"]
[Opening "Caro-Kann: Bronstein-Larsen variation"]
[ECO "B16"]
[Time "17:00:41"]
[TimeControl "2700+45"]

1. d4 c6 2. e4 d5 3. Nc3 dxe4 4. Nxe4 Nf6 5. Nxf6+ gxf6 6. Bf4 Bf5 7. g4 Qd5 8.
gxf5 Qxh1 9. Nf3 Nd7 10. Qe2 Rg8 11. Bg3 Bh6 12. Bd6 O-O-O 13. Bg3 e5 14. dxe5
Nxe5 15. Bxe5 fxe5 16. Rd1 Rxd1+ 17. Kxd1 e4 18. Qxe4 Qxf1+ {White resigns} 0-1

[Event "Team 45 45 League T83"]
[Site "Internet Chess Club"]
[Date "2019.12.31"]
[Round "1"]
[White "Gilguli"]
[Black "Kingfisher75"]
[Result "0-1"]
[WhiteElo "1337"]
[BlackElo "1536"]
[Opening "Vienna gambit"]
[ECO "C29"]
[Time "15:07:39"]
[TimeControl "2700+45"]

1. e4 e5 2. Nc3 Nf6 3. f4 d5 4. exd5 Nxd5 5. Nxd5 Qxd5 6. Qe2 Nc6 7. Nf3 e4 8.
Ng5 Nd4 9. Qc4 c6 10. Qxd5 cxd5 11. Kd1 Bg4+ 12. Ke1 Nxc2+ 13. Kf2 Nxa1 14. Bb5+
Ke7 15. d3 a6 16. Ba4 b5 17. h3 bxa4 18. hxg4 f6 19. Rxh7 Rxh7 20. Nxh7 exd3 21.
g5 Kf7 22. f5 Bc5+ 23. Kf3 fxg5 24. Nxg5+ Kf6 25. Ne6 Rc8 26. g4 Kf7 27. g5 Nc2
28. g6+ Kf6 29. Kg4 Be3 30. Bxe3 Nxe3+ 31. Kf4 d2 32. Kxe3 {White resigns} 0-1

[Event "Team 45 45 League T83"]
[Site "Internet Chess Club"]
[Date "2019.12.28"]
[Round "1"]
[White "WillC"]
[Black "fireball"]
[Result "1-0"]
[WhiteElo "1582"]
[BlackElo "1477"]
[Opening "Queen's pawn game"]
[ECO "A46"]
[Time "12:09:46"]
[TimeControl "2700+45"]

1. d4 Nf6 2. Nf3 c5 3. e3 g6 4. b3 Bg7 5. Bb2 O-O 6. Bd3 Nc6 7. a3 cxd4 8. exd4
d5 9. O-O Ne4 10. Nbd2 f5 11. c4 e6 12. Rc1 Qb6 13. Bxe4 fxe4 14. c5 Qd8 15. Ne5
Nxe5 16. dxe5 Qg5 17. b4 Bxe5 18. Bxe5 Qxe5 19. Nb3 Bd7 20. Qd2 a6 21. Nd4 Rac8
22. Qe3 Qf6 23. Ne2 e5 24. Ng3 Bb5 25. Rfd1 d4 26. Qb3+ Kg7 27. Nxe4 Qf5 28. f3
Qd7 29. Qb2 Bc6 30. Nd6 Rb8 31. Re1 b6 32. Qe2 e4 33. fxe4 Qe6 34. Rcd1 bxc5 35.
bxc5 Qe5 36. Qd3 Qxc5 37. Qxd4+ Qxd4+ 38. Rxd4 Rb3 39. a4 Ra3 40. Rc4 Bxa4 41.
Rc7+ Kh6 42. e5 Ra2 43. Nf7+ Kh5 44. e6 Rb8 45. Rc5+ g5 46. Rxg5+ Kh4 47. Re4#
{Black checkmated} 1-0

[Event "Team 45 45 League T83"]
[Site "Internet Chess Club"]
[Date "2019.12.28"]
[Round "1"]
[White "nidusin2"]
[Black "Kingofknights"]
[Result "1-0"]
[WhiteElo "1524"]
[BlackElo "1583"]
[Opening "Queen's pawn: Chigorin variation"]
[ECO "D00"]
[Time "20:30:59"]
[TimeControl "2700+45"]

1. d4 d5 2. Nc3 Bf5 3. Bf4 a6 4. e3 e6 5. Nf3 c5 6. Bd3 Bxd3 7. Qxd3 Nc6 8. O-O
Nf6 9. Rfe1 Be7 10. a3 O-O 11. Rad1 c4 12. Qe2 b5 13. e4 dxe4 14. Nxe4 Qd5 15.
h3 Rfd8 16. c3 a5 17. Ne5 Nxe4 18. Qxe4 Nxe5 19. Bxe5 Qxe4 20. Rxe4 Rd5 21. Ree1
Ra7 22. Kf1 Rb7 23. Bf4 g5 24. Be5 f6 25. Bg3 Kf7 26. Re2 b4 27. axb4 axb4 28.
Rde1 bxc3 29. bxc3 Rb6 30. Re4 f5 31. Re5 Rxe5 32. Bxe5 Rb3 33. Rc1 Ba3 34. Rc2
Rb2 35. Re2 Rb1+ 36. Re1 Rc1 37. Rxc1 Bxc1 38. Ke1 Kg6 39. Kd1 Ba3 40. g4 h5 41.
f3 hxg4 42. hxg4 fxg4 43. fxg4 Be7 44. Ke2 Kf7 45. Ke3 Ke8 46. Ke4 Kd7 47. d5
Ba3 48. Kd4 Bc1 49. Kxc4 Be3 50. dxe6+ Kxe6 51. Bd4 Bf4 52. Kc5 Bd6+ 53. Kc6 Bf4
54. c4 Bb8 55. c5 Bf4 56. Kb7 Kd5 57. Bg1 Ke4 58. c6 Kf3 59. Bb6 Kxg4 60. Bc7
Bd2 61. Ka6 Kf5 62. Bh2 {Black resigns} 1-0